 Dungeon Crawl Stone Soup version 0.31-a0-925-g0a390f2509 (webtiles) character file.

Game seed: 2978371261251302214

4712 pokeman the Thaumaturge (level 10, -5/84 HPs)
             Began as a Deep Elf Hedge Wizard on Oct 18, 2023.
             Was a Believer of Vehumet.
             Hit by a large rock thrown by a cyclops (14 damage)
             ... on level 9 of the Dungeon.
             The game lasted 00:18:39 (8787 turns).

pokeman the Thaumaturge (Deep Elf Hedge Wizard)     Turns: 8787, Time: 00:18:39

Health: -5/84      AC: 25    Str:  7    XL:     10   Next: 22%
Magic:  15/28      EV:  2    Int: 24    God:    Vehumet [**....]
Gold:   406        SH:  0    Dex: 20    Spells: 16/33 levels left

rFire   . . .        w - +3 dire flail (venom)
rCold   . . .        (shield currently unavailable)
rNeg    . . .        y - melded +1 robe "Tunaij" {Int+7}
rPois   +            r - melded +2 helmet
rElec   .            q - melded +0 cloak
rCorr   .            I - melded +2 pair of gloves
SInv    .            C - melded +1 pair of boots
Will    +....        (no amulet)
Stlth   +++          n - +6 ring of dexterity
HPRegen 0.34/turn    (no ring)
MPRegen 0.21/turn

%: no passive effects
@: tree-form
A: stationary, stasis, torment immunity, boosted hp
a: Renounce Religion


You were on level 9 of the Dungeon.
You worshipped Vehumet.
Vehumet was pleased with you.
You were a tree.
You visited 1 branch of the dungeon, and saw 9 of its levels.

You collected 406 gold pieces.

Inventory:

Hand Weapons
 v - the +0 war axe of Lies {drain, rC+}
   (You took it off a centaur on level 5 of the Dungeon)

   rC+:       It protects you from cold.
 w - a +3 dire flail of venom (weapon)
Missiles
 G - 3 curare-tipped darts
Armour
 q - a +0 cloak (melded)
 r - a +2 helmet (melded)
 y - the +1 robe "Tunaij" (melded) {Int+7}
   (You found it on level 5 of the Dungeon)

   Int+7:     It affects your intelligence (+7).
 A - an orb of energy
 C - a +1 pair of boots (melded)
 F - +0 steam dragon scales
 I - a +2 pair of gloves (melded)
Jewellery
 n - a +6 ring of dexterity (left branch)
 x - an amulet of guardian spirit
Wands
 B - a wand of digging (8)
 H - a wand of flame (6)
Scrolls
 e - 4 scrolls of poison {unknown}
 f - a scroll of fear {unknown}
 g - 3 scrolls of fog {unknown}
 h - 2 scrolls of vulnerability {unknown}
 k - 3 scrolls of teleportation {unknown}
 m - 11 scrolls of identify {unknown}
 s - 2 scrolls of noise {unknown}
 z - a scroll of enchant weapon {unknown}
 D - a scroll of brand weapon {unknown}
 E - a scroll of acquirement {unknown}
Potions
 a - a potion of enlightenment {unknown}
 b - a potion of degeneration {unknown}
 c - a potion of haste {unknown}
 d - a potion of magic
 i - 4 potions of lignification
 j - 3 potions of resistance {unknown}
 l - 5 potions of curing
 o - a potion of brilliance {unknown}
 p - a potion of might {unknown}
 t - 2 potions of mutation {unknown}
 u - 2 potions of heal wounds {unknown}


   Skills:
 + Level 3.5 Fighting
 - Level 3.0 Armour
 - Level 3.1 Dodging
 - Level 3.0 Stealth
 * Level 12.2 Spellcasting
 + Level 8.2 Conjurations
 - Level 1.1 Summonings
 - Level 4.2 Necromancy
 - Level 1.1 Translocations
 + Level 6.0 Fire Magic
 - Level 1.1 Air Magic
 - Level 1.0 Poison Magic
 - Level 1.0 Evocations


You had 16 spell levels left.
You knew the following spells:

 Your Spells              Type           Power      Damage    Failure   Level
a - Magic Dart            Conj           100%       1d8       1%          1
b - Mephitic Cloud        Conj/Pois/Air  31%        N/A       3%          3
c - Call Imp              Summ           38%        N/A       4%          2
d - Blink                 Tloc           38%        N/A       4%          2
e - Foxfire               Conj/Fire      100%       2x1d9     1%          1
f - Flame Wave            Conj/Fire      49%        2d12      2%          4
g - Dispel Undead         Necr           35%        3d15      7%          4

Your spell library contained the following spells:

 Spells                   Type           Power      Damage    Failure   Level
 Searing Ray              Conj           100%       2d8       1%          2
 Kiss of Death            Conj/Necr      100%       2d13      1%          1
 Scorch                   Fire           86%        2d8       1%          2
 Summon Small Mammal      Summ           76%        N/A       2%          1
 Cigotuvi's Dreadful Rot  Necr/Pois/Air  50%        N/A       2%          2
 Slow                     Hex            56%        N/A       4%          1
 Call Canine Familiar     Summ           19%        N/A       9%          3
 Summon Guardian Golem    Hex/Summ       17%        N/A       10%         3
 Confusing Touch          Hex            14%        N/A       13%         3
 Conjure Ball Lightning   Conj/Air       18%        3x3d6     67%         6
 Summon Cactus Giant      Summ           9%         N/A       99%         6
 Discord                  Hex            7%         N/A       100%        8
 Disjunction              Tloc           9%         N/A       100%        8


Dungeon Overview and Level Annotations

Branches:
Dungeon (9/15)             Temple (0/1) D:4
   Lair: D:8-11         Orc: D:9-12

Altars:
Kikubaaqudgha
Makhleb
Qazlal
Vehumet

Shops:
D:7 =

Annotations:
D:8 3 runed translucent doors, javelincjr's ghost, novice MiSh


Message History

The yak closely misses the yak.
The yak gores you but does no damage.
Unknown command.
Unknown command.
A wave of flame ripples out!
The flame wave engulfs the yak!!
The yak is heavily wounded.
The flame wave engulfs the yak!
You kill the yak!
Vehumet accepts your kill.
The flame wave engulfs the orc warrior!
The orc warrior is moderately wounded.
The flame wave engulfs the yak!
You kill the yak!
Vehumet accepts your kill.
The flame wave engulfs the cyclops!
The cyclops is moderately wounded.
You finish channelling waves of flame.
The yak is engulfed in noxious fumes.
The yak appears confused.
The yak gores you but does no damage.
The orc warrior is engulfed in noxious fumes.
The orc warrior appears confused.
Your Fire Magic skill increases to level 6!
Unknown command.
Casting: Flame Wave (dangerous; 2% risk of failure)
Confirm with . or Enter, or press ? or * to list all spells.
Aiming: Mephitic Cloud (mildly dangerous; 3% risk of failure)
Press: ? - help, Shift-Dir - straight line The ball explodes into a vile cloud!
The stinking cloud engulfs the cyclops but does no damage.
The cyclops is moderately wounded.
The stinking cloud engulfs the orc but does no damage.
The stinking cloud engulfs the yak but does no damage.
The yak is heavily wounded.
The stinking cloud engulfs the orc warrior but does no damage.
The orc warrior is moderately wounded.
The yak is engulfed in noxious fumes.
The yak appears confused.
The yak gores the orc warrior!
The orc warrior is engulfed in noxious fumes.
The orc warrior appears confused.
The cyclops is engulfed in noxious fumes.
The cyclops throws a large rock.
The large rock hits you!
You die...

##.## #..#
##.## #..#
##.########
oo
#..........
...
##........##
...#
###....######
#..#
##†♣#####
#o.# ##CY##
#..##o°##
#...o##
###.## #.#
#.# ##Y# #$.#


You could see a cyclops, a yak (confused), an orc warrior (confused) and an orc.

Vanquished Creatures
  A deep elf pyromancer (D:7)
  Jeremiah (D:6)
  Prince Ribbit (D:8)
  Sigmund (D:3)
  Eustachio (D:6)
  5 yaks (D:9)
  Edmund (D:5)
  3 steam dragons
  A water moccasin (D:7)
  An orc warrior (D:8)
  2 ice beasts
  2 black bears
  An ogre (D:6)
  A centaur (D:5)
  A kobold brigand (D:8)
  A phantom (D:4)
  3 bullfrogs (D:8)
  2 scorpions (D:5)
  Blork the orc (D:5)
  5 wights (D:7)
  2 howler monkeys
  2 jellies
  A hound (D:5)
  2 orc priests
  A sleepcap (D:6)
  A gnoll bouda (D:6)
  7 orc wizards
  4 iguanas (D:5)
  7 adders
  3 gnolls (D:6)
  2 white imps (D:7)
  A worm (D:3)
  2 dart slugs (D:4)
  22 orcs
  8 ball pythons
  6 endoplasms
  13 giant cockroaches
  5 goblins
  5 hobgoblins
  6 jackals
  A quokka (D:3)
  3 bats (D:3)
  9 kobolds
  7 rats
155 creatures vanquished.

Vanquished Creatures (others)
  163 foxfires
163 creatures vanquished.

Grand Total: 318 creatures vanquished

Notes
Turn   | Place    | Note
-------+----------+-------------------------------------------
     0 | D:1      | pokeman the Deep Elf Hedge Wizard began the quest for the
                  | Orb.
     0 | D:1      | Reached XP level 1. HP: 10/10 MP: 7/7
   273 | D:1      | You fall into a shaft and drop 1 floor!
   337 | D:2      | Reached XP level 2. HP: 16/16 MP: 6/9
   818 | D:1      | Found a faded altar of an unknown god.
   830 | D:1      | Reached skill level 5 in Spellcasting
  1302 | D:2      | Reached XP level 3. HP: 20/20 MP: 6/11
  1306 | D:2      | Learned a level 3 spell: Mephitic Cloud
  1309 | D:2      | Learned a level 2 spell: Call Imp
  1312 | D:2      | Learned a level 2 spell: Blink
  1570 | D:2      | Reached skill level 1 in Armour
  1572 | D:2      | Reached skill level 1 in Fighting
  2365 | D:3      | Found a stormy altar of Qazlal.
  2621 | D:3      | Found a burning altar of Makhleb.
  2718 | D:3      | Noticed Sigmund
  2736 | D:3      | Killed Sigmund
  2737 | D:3      | Reached skill level 5 in Conjurations
  2737 | D:3      | Reached XP level 4. HP: 14/25 MP: 8/13
  2737 | D:3      | Reached XP level 5. HP: 16/29 MP: 8/14
  2919 | D:3      | Learned a level 4 spell: Flame Wave
  3486 | D:4      | Found a radiant altar of Vehumet.
  3546 | D:4      | Became a worshipper of Vehumet
  3697 | D:4      | Found a staircase to the Ecumenical Temple.
  3917 | D:4      | Reached XP level 6. HP: 34/34 MP: 8/16
  4304 | D:5      | Entered Level 5 of the Dungeon
  4304 | D:5      | Noticed Edmund
  4382 | D:4      | Reached skill level 6 in Spellcasting
  4479 | D:5      | Reached skill level 1 in Poison Magic
  4592 | D:5      | Noticed an ice beast
  4603 | D:5      | Killed an ice beast
  4604 | D:5      | Reached skill level 1 in Fire Magic
  4604 | D:5      | Reached skill level 1 in Air Magic
  4604 | D:5      | Reached XP level 7. HP: 38/38 MP: 7/19
  4676 | D:5      | Identified the +0 war axe of Lies {drain, rC+}
  4694 | D:5      | Reached skill level 7 in Spellcasting
  4870 | D:5      | Noticed Blork the orc
  4892 | D:5      | Killed Blork the orc
  4950 | D:5      | Killed Edmund
  4951 | D:5      | Reached skill level 8 in Spellcasting
  5255 | D:5      | Reached XP level 8. HP: 44/44 MP: 19/22
  5448 | D:5      | Identified the +1 robe "Tunaij" {Int+7}
  5614 | D:6      | Reached * piety under Vehumet
  5614 | D:6      | Offered knowledge of Foxfire by Vehumet.
  5617 | D:6      | Learned a level 1 spell: Foxfire
  5622 | D:6      | Learned a level 4 spell: Dispel Undead
  5856 | D:6      | Reached skill level 1 in Necromancy
  5896 | D:6      | Noticed Eustachio
  5922 | D:6      | Killed Eustachio
  5923 | D:6      | Reached skill level 9 in Spellcasting
  6056 | D:6      | Noticed Jeremiah
  6223 | D:6      | Killed Jeremiah
  6839 | D:7      | Found Nakigel's Jewellery Boutique.
  6856 | D:7      | Reached XP level 9. HP: 46/48 MP: 18/24
  7101 | D:7      | Reached skill level 10 in Spellcasting
  7101 | D:7      | Reached skill level 1 in Evocations
  7154 | D:7      | Reached ** piety under Vehumet
  7224 | D:7      | Offered knowledge of Static Discharge by Vehumet.
  7452 | D:7      | Noticed a deep elf pyromancer
  7461 | D:7      | Killed a deep elf pyromancer
  7462 | D:7      | Reached skill level 5 in Fire Magic
  7505 | D:7      | Reached skill level 11 in Spellcasting
  8062 | D:8      | Noticed Prince Ribbit
  8070 | D:8      | Killed Prince Ribbit
  8309 | D:8      | Found a runed translucent gate.
  8310 | D:8      | Found a runed translucent gate.
  8313 | D:8      | Found a runed translucent gate.
  8313 | D:8      | Noticed javelincjr's ghost (novice MiSh)
  8315 | D:8      | Noticed an 11-headed hydra
  8540 | D:8      | Reached XP level 10. HP: 56/56 MP: 24/27
  8636 | D:8      | Found an ancient bone altar of Kikubaaqudgha.
  8780 | D:9      | Noticed a cyclops
  8780 | D:9      | HP: 3/84 [yak (11)]
  8781 | D:9      | HP: 1/84 [poisoned by an orc wizard]
  8784 | D:9      | Offered knowledge of Searing Ray by Vehumet.
  8785 | D:9      | Reached skill level 12 in Spellcasting
  8787 | D:9      | Hit by a large rock thrown by a cyclops

Illustrated notes

Levels and vault maps discovered:
D:1:      dpeg_arrival_tiny_j, layout_loops_ring,
          shapermc_ecumenical_altar_venn, minmay_split_cup_small
D:2:      minmay_roachtagon, layout_loops_ring
D:3:      layout_basic, lemuel_crystal_altar, nicolae_qazlal_general_emergency,
          serial_curves, eino_curves_04, eino_curves_04, uniq_sigmund
D:4:      layout_rooms, lemuel_tele_altar, minmay_temple_entry_glassed_door,
          serial_co_window_serial, co_window_paths_a, co_window_paths_b,
          co_window_paths_b, co_window_corner_a, co_window_paths_a,
          co_window_cross_1, co_window_paths_a, co_window_unsneaky_path_a,
          co_window_broadway_b, co_window_2corner, co_window_broadway_a,
          co_window_corner_b, glass_columns_b
D:5:      layout_basic, dreamdust_princess_bridge, nicolae_underground_beach,
          uniq_blork_the_orc, uniq_edmund
D:6:      layout_basic, nicolae_zen_rock_garden, uniq_eustachio, uniq_jeremiah
D:7:      nicolae_cairo_tiling, layout_basic, serial_shops,
          nicolae_stop_n_shop_2, chequers_jeans, guppyfry_early_elven_hall
D:8:      layout_loops_ring, general_overflow_altar, gammafunk_ghost_hydra_chop,
          uniq_prince_ribbit1
D:9:      layout_cave_pods, grunt_ministairs_5, minmay_misc_feat_rows,
          grunt_decor_resistance, kennysheep_generic_room_5

Skill      XL: |  1  2  3  4  5  6  7  8  9 10 |
---------------+-------------------------------+-----
Spellcasting   | 5 6 8 9 11 12 | 12.2
Armour         | 1 2 3 |  3.0
Conjurations   | 5 6 8 |  8.2
Fighting       | 1 2 3 |  3.5
Stealth        | 3 |  3.0
Dodging        | 3 |  3.1
Poison Magic   | 1 |  1.0
Fire Magic     | 1 2 4 5 6 |  6.0
Air Magic      | 1 |  1.1
Necromancy     | 3 4 |  4.2
Evocations     | 1 |  1.0
Summonings     | |  1.1
Translocations | |  1.1

Action                     |  1- 3 |  4- 6 |  7- 9 | 10-12 || total
---------------------------+-------+-------+-------+-------++-------
  Melee: Spear             |     1 |       |       |       ||     1
         Short sword       |    10 |       |    30 |       ||    40
         Punch             |     1 |       |       |       ||     1
         Dire flail        |       |       |    43 |     4 ||    47
   Cast: Magic Dart        |   141 |    92 |    37 |       ||   270
         Mephitic Cloud    |     1 |     2 |    19 |     4 ||    26
         Flame Wave        |       |       |    15 |     3 ||    18
         Foxfire           |       |       |    89 |     6 ||    95
         Dispel Undead     |       |       |     6 |       ||     6
         Blink             |       |       |     1 |       ||     1
    Use: Potion            |       |       |       |     2 ||     2
   Stab: Sleeping          |     1 |       |     1 |       ||     2
         Confused          |     1 |       |    10 |       ||    11
 Armour: Robe              |    14 |     9 |    55 |    13 ||    91
         Skin              |       |       |       |     9 ||     9
  Dodge: Dodged            |    25 |    14 |    67 |     4 ||   110

Table legend: (Time is in decaauts)
 A = Elapsed time spent in this place.
 B = Non-inter-level travel time spent in this place.
 C = Inter-level travel time spent in this place.
 D = Time resting spent in this place.
 E = Time spent auto-exploring this place.
 F = Levels seen in this place.
 G = Mean time per level.
                   A        B        C        D        E       F      G
               +--------+--------+--------+--------+--------+-----+--------+
         Total |   8784 |   8540 |    244 |    171 |   7260 |   9 |  976.0 |
       Dungeon |   8784 |   8540 |    244 |    171 |   7260 |   9 |  976.0 |
               +--------+--------+--------+--------+--------+-----+--------+

Top non-repeatable levels by time:
     D:6: 1356 daAuts
     D:3: 1245 daAuts
     D:7: 1121 daAuts
     D:4: 1103 daAuts
     D:5: 1069 daAuts
     D:2: 1069 daAuts
     D:1: 982 daAuts
     D:8: 759 daAuts
     D:9: 76 daAuts
